 Dungeon Crawl Stone Soup version 0.28.0-47-ge53b351184 (webtiles) character file.

Game seed: 10589692282800257865

378 Exodus22XD the Chopper (level 6, 0/53 HPs)
             Began as a Minotaur Fighter on May 8, 2022.
             Was a Believer of Lugonu.
             Slain by Duvessa
             ... wielding a +1 short sword of venom
              (8 damage)
             ... on level 4 of the Dungeon.
             The game lasted 00:02:44 (3379 turns).

Exodus22XD the Chopper (Minotaur Fighter)           Turns: 3379, Time: 00:02:44

Health: 0/53       AC:  7    Str: 23    XL:     6   Next: 45%
Magic:  5/5        EV:  9    Int:  5    God:    Lugonu [**....]
Gold:   207        SH:  4    Dex:  9    Spells: 5/5 levels left

rFire   . . .      SeeInvis .   a - +0 war axe
rCold   . . .      Faith    .   c - +0 buckler
rNeg    . . .      Spirit   .   b - +0 scale mail
rPois   .          Reflect  .   (helmet restricted)
rElec   .          Harm     .   (no cloak)
rCorr   .          Rampage  .   (no gloves)
Will    .....                   (no boots)
Stlth   ..........              (no amulet)
HPRegen 0.17/turn               (no ring)
MPRegen 0.09/turn               (no ring)

@: mighty, lethally poisoned (0 -> -19)
A: horns 2, retaliatory headbutt
a: Renounce Religion, Depart the Abyss, Bend Space


You were on level 4 of the Dungeon.
You worshipped Lugonu.
Lugonu was pleased with you.
You visited 1 branch of the dungeon, and saw 4 of its levels.
You also visited: Sewer.

You collected 207 gold pieces.

Inventory:

Hand Weapons
 a - a +0 war axe (weapon)
Armour
 b - a +0 scale mail (worn)
 c - a +0 buckler (worn)
Scrolls
 h - a scroll of blinking {unknown}
 j - 3 scrolls of identify {unknown}
 k - a scroll of teleportation {unknown}
 l - a scroll of noise {unknown}
 m - a scroll of enchant armour {unknown}
Potions
 d - a potion of might
 e - a potion of flight {unknown}
 f - 2 potions of heal wounds {unknown}
 g - a potion of magic {unknown}
 i - a potion of degeneration {unknown}
 n - a potion of mutation {unknown}
 o - a potion of invisibility {unknown}


   Skills:
 + Level 4.6 Fighting
 + Level 6.0 Axes
 + Level 5.3 Armour
 + Level 4.4 Shields
 * Level 1.0 Invocations


You had 5 spell levels left.
You didn't know any spells.
Your spell library was empty.

Dungeon Overview and Level Annotations

Branches:
Dungeon (4/15)              Sewer (visited)
 Temple: D:4-7

Altars:
Lugonu

Shops:
D:1 =

Annotations:
D:4 Dowan, Duvessa, Grinder


Innate Abilities, Weirdness & Mutations

You have a pair of horns on your head.
You reflexively headbutt those who attack you in melee.


Message History

You barely miss the kobold. The kobold hits you but does no damage.
Your Axes skill increases to level 6!
Your Invocations skill increases to level 1!
You slash the kobold!
You kill the kobold!
Lugonu accepts your kill. Grinder gestures at you.
You resist with significant effort.
Duvessa says, "Where magic fails, the sword succeeds!"
Unknown command.
Grinder hits you.
You writhe in agony.
Duvessa hits you but does no damage.
You are poisoned.
You barely miss Duvessa. You headbutt Duvessa.
Duvessa is lightly wounded.
You slash Grinder!
You feel sick.
Grinder says, "My boss said I was rubbish.
His entrails said otherwise."
Grinder hits you but does no damage.
Duvessa hits you with a +1 short sword of venom.
You are more poisoned.
Dowan barely misses you.
You slash Duvessa!
Duvessa is heavily wounded.
You closely miss Grinder. You closely miss Dowan.
You feel very sick. Grinder gestures at you. Pain shoots through your body!
Duvessa hits you but does no damage.
You are lethally poisoned!
Dowan casts a spell at you. The puff of flame hits you!
* * * LOW HITPOINT WARNING * * *
Unknown command.
You hit Duvessa. Your headbutt misses Duvessa.
Duvessa is severely wounded.
You barely miss Grinder. You hit Dowan.
* * * LOW HITPOINT WARNING * * *
You feel very sick.
Grinder says, "You look like you could use a good racking."
Grinder hits you but does no damage.
Duvessa hits you with a +1 short sword of venom!
You die...

#......# ..###.<....#
. ............# ..
###...........# ...
#..........#...
....##.........5....
................#.#$
......ee5...###.....
########@)...# .#!#.
..# .....#..)...#
.....
.####.#######........#
...#.##.....##......#
#.........##.......# #
#.................#
.###........#........#
............##.......#
..............?......#


You could see Grinder, Duvessa and Dowan.

Vanquished Creatures
  A black bear (D:4)
  Pargi (Sewer)
  Terence (D:3)
  An iguana (D:4)
  5 adders
  5 worms
  A dart slug (D:1)
  An orc (D:3)
  8 endoplasms
  10 giant cockroaches
  A goblin (D:2)
  8 hobgoblins
  2 jackals (D:1)
  12 kobolds
  2 quokkas
  9 ball pythons
  6 bats
  4 frilled lizards
  6 rats
84 creatures vanquished.

Notes
Turn   | Place    | Note
-------+----------+-------------------------------------------
     0 | D:1      | Exodus22XD the Minotaur Fighter began the quest for the
                  | Orb.
     0 | D:1      | Reached XP level 1. HP: 19/19 MP: 0/0
   315 | D:1      | Reached XP level 2. HP: 27/27 MP: 1/1
   422 | D:1      | Found Uvifuaz's Jewellery Shoppe.
   480 | D:1      | Reached skill level 3 in Axes
   652 | D:1      | Reached XP level 3. HP: 33/33 MP: 2/2
  1232 | D:2      | Reached XP level 4. HP: 40/40 MP: 3/3
  1692 | D:2      | Reached skill level 4 in Axes
  2031 | D:3      | Found a glowing drain.
  2093 | Sewer    | Entered a sewer
  2305 | Sewer    | Noticed Pargi
  2311 | Sewer    | Killed Pargi
  2312 | Sewer    | Reached skill level 5 in Axes
  2312 | Sewer    | Reached XP level 5. HP: 30/47 MP: 4/4
  2548 | D:3      | Found a faded altar of an unknown god.
  2548 | D:3      | Noticed a golden eye
  2554 | D:3      | Noticed a floating eye
  2554 | D:3      | Noticed a floating eye
  2554 | D:3      | Noticed an eye of devastation
  2560 | D:3      | Prayed at the altar of an unknown god.
  2560 | D:3      | Became a worshipper of Lugonu the Unformed
  2560 | D:3      | Reached * piety under Lugonu
  2560 | D:3      | Reached ** piety under Lugonu
  2669 | D:3      | Noticed Terence
  2674 | D:3      | Killed Terence
  2675 | D:3      | Reached skill level 5 in Armour
  2998 | D:4      | Noticed Grinder
  3223 | D:4      | Reached XP level 6. HP: 33/53 MP: 5/5
  3371 | D:4      | Noticed Duvessa
  3372 | D:4      | Noticed Dowan
  3375 | D:4      | Reached skill level 6 in Axes
  3375 | D:4      | Reached skill level 1 in Invocations
  3379 | D:4      | Slain by Duvessa

Illustrated notes

Levels and vault maps discovered:
D:1:      lemuel_arrival_tunnels, layout_loops_ring, serial_shops, shop
D:2:      minmay_alternating_diamond, layout_loops_cross, nrook_campfire
D:3:      layout_loops_ring, cheibrodos_sewer_entry_sluice,
          hellmonk_ecumenical_altar_watching_god, uniq_terence
D:4:      layout_rooms, serial_co_window_serial, co_window_paths_a,
          co_window_paths_b, co_window_corner_a, co_window_corner_a,
          co_window_paths_a, co_window_unsneaky_path_a, co_window_corner_ca,
          co_window_unsneaky_path_c, co_window_corner_cb,
          co_window_unsneaky_path_e, glass_columns_a, glass_columns_a,
          glass_columns_a, glass_columns_a, uniq_grinder, uniq_duvessa

Skill      XL: |  1  2  3  4  5  6 |
---------------+-------------------+-----
Armour         | 4 5 |  5.3
Shields        | 4 |  4.4
Fighting       | 4 |  4.6
Axes           | 3 5 6 |  6.0
Invocations    | 1 |  1.0

Action                   |  1- 3 |  4- 6 || total
-------------------------+-------+-------++-------
Melee: War axe           |    74 |   110 ||   184
       Headbutt          |     2 |    21 ||    23
  Use: Potion            |       |     1 ||     1
Armor: Scale mail        |    39 |    48 ||    87
Dodge: Dodged            |    38 |    51 ||    89
Block: Buckler           |    21 |    22 ||    43
